 Dungeon Crawl Stone Soup version 0.25-a0-322-g3677130cb1 (webtiles) character file.

Game seed: 12369810759582590510, levelgen mode: deterministic

163 floatRand the Sneak (level 5, -20/45 HPs)
             Began as a Draconian Assassin on Dec 27, 2019.
             Demolished by an ogre
             ... wielding a +0 giant club
              (30 damage)
             ... on level 4 of the Dungeon.
             The game lasted 00:06:03 (3213 turns).

floatRand the Sneak (Draconian Assassin)            Turns: 3213, Time: 00:06:04

Health: -20/45     AC:  6    Str: 13    XL:     5   Next: 20%
Magic:  5/5        EV: 12    Int: 16    God:
Gold:   260        SH:  4    Dex: 14    Spells: 4/4 levels left

rFire    + . .     SeeInvis .   a - +2 dagger
rCold    + . .     Gourm    .   w - +1 buckler
rNeg     . . .     Faith    .   (armour unavailable)
rPois    +         Spirit   .   (helmet restricted)
rElec    +         Reflect  .   b - +0 cloak
rCorr    +         Harm     .   (no gloves)
MR       .....                  (no boots)
Stlth    +++.......             (no amulet)
HPRegen  0.15/turn              (no ring)
MPRegen  0.09/turn              (no ring)

@: brilliant, resistant
A: unfitting armour, cold-blooded, AC +5
a: no special abilities


You were on level 4 of the Dungeon.
You were not hungry.

You visited 1 branch of the dungeon, and saw 4 of its levels.

You collected 260 gold pieces.

Inventory:

Hand Weapons
 a - a +2 dagger (weapon)
 q - a cursed -3 hand axe
Missiles
 c - 23 poisoned darts (quivered)
 k - 3 boomerangs
Armour
 b - a +0 cloak (worn)
 w - a +1 buckler (worn)
Jewellery
 l - an uncursed ring of protection from fire {unknown}
 p - a +3 ring of slaying {unknown}
Wands
 v - a wand of flame (15)
Scrolls
 m - 7 scrolls of identify {unknown}
 o - 2 scrolls of remove curse
 r - a scroll of magic mapping
Potions
 s - 3 potions of curing
Comestibles
 f - 10 rations


   Skills:
 + Level 3.2 Fighting
 + Level 2.9 Short Blades
 - Level 1.7 Throwing
 + Level 2.0 Dodging
 * Level 4.9 Stealth
 + Level 0.4 Shields


You had 4 spell levels left.
You didn't know any spells.
Your spell library was empty.

Dungeon Overview and Level Annotations

Branches:
Dungeon (4/15)
 Temple: D:4-7

Altars:

Annotations:
D:4 1 runed translucent door, Borgoz's ghost, novice GrFi; Dowan; Duvessa; Pikel


Innate Abilities, Weirdness & Mutations

Your plain brown scales are hard. (AC +5)
You cannot fit into any form of body armour.
You are cold-blooded and may be slowed by cold attacks.


Message History

Press: ? - help, Shift-Dir - straight line, f - ogre, p - slave
Aim: an ogre, wielding a +0 giant club (lightly wounded)
You throw a curare-tipped dart.
The curare-tipped dart barely misses the ogre.
The ogre hits you with a +0 giant club!
Okay, then.
It was a potion of curing.
You feel better.
Pikel is no longer moving slowly.
The ogre hits you with a +0 giant club! Pikel hits you but does no damage.
It was a potion of resistance.
You feel protected.
Pikel hits you with a +1 whip of freezing.
The ogre hits you with a +0 giant club!!
* * * LOW HITPOINT WARNING * * *
Unknown command.
It was a potion of brilliance.
You feel clever all of a sudden. Pikel misses you.
The ogre hits you with a +0 giant club!!
Ouch! That really hurt!
You die...

*,*#..####.# #...##........#*
*,*#.......# #...##..........
*,*##.###### #.#.##.......### *,*
#.# #........##### * *,*
#.##########.###### *
****#.###(....((p.(.p# *
,,,........<########.########** *
***##.##############.........,***
*,,,,(.....O@Kpp.........,,,,
*****###########.########**** #.#
#.# #.# *** #.# *,, #.# *** #.#
#.#


You could see Pikel, an ogre and 2 slaves.

Vanquished Creatures
  An orc wizard (D:4)
  A hound skeleton (D:3)
  Robin (D:2)
  3 adders
  3 dart slugs
  2 leopard geckos (D:3)
  An orc (D:3)
  7 bats
  6 giant cockroaches
  14 goblins
  10 hobgoblins
  12 kobolds
  2 quokkas (D:3)
  2 ball pythons
  A frilled lizard (D:3)
  9 rats
75 creatures vanquished.

Notes
Turn   | Place    | Note
-------+----------+-------------------------------------------
     0 | D:1      | floatRand the Draconian Assassin began the quest for the
                  | Orb.
     0 | D:1      | Reached XP level 1. HP: 17/17 MP: 1/1
    48 | D:1      | Reached skill level 1 in Dodging
   114 | D:1      | Reached XP level 2. HP: 22/25 MP: 2/2
   238 | D:1      | Reached skill level 4 in Stealth
   417 | D:1      | Reached XP level 3. HP: 25/30 MP: 3/3
  1021 | D:2      | Noticed Robin
  1337 | D:2      | Killed Robin
  1337 | D:2      | Reached XP level 4. HP: 26/37 MP: 4/4
  2721 | D:4      | Noticed Duvessa
  2731 | D:4      | Noticed Dowan
  2739 | D:4      | Reached XP level 5. HP: 27/45 MP: 5/5
  2825 | D:4      | Noticed a slave
  2827 | D:4      | Noticed a slave
  2828 | D:4      | Noticed a slave
  2828 | D:4      | Noticed Pikel
  2835 | D:4      | Noticed a slave
  3146 | D:4      | Found a runed translucent door.
  3148 | D:4      | Noticed Borgoz's ghost (novice GrFi)
  3205 | D:4      | Noticed an ogre
  3213 | D:4      | Demolished by an ogre

Levels and vault maps discovered:
D:1:      dpeg_arrival_rhombus, layout_basic, minmay_strange_pillars,
          minmay_indecisive_spiral
D:2:      layout_loops_ring, lemuel_flame_loot_1, uniq_robin
D:3:      layout_basic
D:4:      layout_basic, first_ration, nicolae_ossuary_entry_monument,
          gammafunk_ghost_grave, kennysheep_boxes, uniq_duvessa, uniq_pikel

Skill      XL: |  1  2  3  4 |
---------------+-------------+-----
Dodging        | 1 2 |  2.0
Stealth        | 4 |  4.9
Fighting       | 3 |  3.2
Short Blades   | |  2.9
Throwing       | |  1.7
Shields        | |  0.4

Action                   |  1- 3 |  4- 6 || total
-------------------------+-------+-------++-------
Melee: Dagger            |   133 |   140 ||   273
       Tailslap          |    15 |    17 ||    32
Throw: Dart              |       |     7 ||     7
Evoke: Wand              |       |     3 ||     3
  Use: Potion            |       |     4 ||     4
       Scroll            |       |     6 ||     6
 Stab: Sleeping          |     7 |     5 ||    12
  Eat: Chunk             |     1 |     6 ||     7
Armor: Skin              |    41 |    45 ||    86
Dodge: Dodged            |    86 |   108 ||   194
Block: Buckler           |       |     7 ||     7

Table legend:
 A = Non-vault XP
 B = Vault XP
 C = Vault XP percentage of total XP
 D = Non-vault monster count
 E = Vault monster count
 F = Vault count percentage of total count
                 A         B        C        D         E       F
            +---------+---------+-------+---------+---------+-------
      Total |     196 |      37 |  15.9 |      62 |      13 |  17.3
            +---------+---------+-------+---------+---------+-------
        D:1 |      50 |       8 |  13.8 |      28 |       4 |  12.5
        D:2 |      52 |      29 |  35.8 |      18 |       9 |  33.3
        D:3 |      52 |       0 |   0.0 |      14 |       0 |   0.0
        D:4 |      42 |       0 |   0.0 |       2 |       0 |   0.0
            +---------+---------+-------+---------+---------+-------
